 Dungeon Crawl Stone Soup version 0.21.1-1-g345015fe64 (webtiles) character file.

72 Peloso the Shield-Bearer (level 4, -14/40 HPs)
             Began as a Minotaur Fighter on June 28, 2018.
             Demolished by Sigmund
             ... wielding a +0 scythe
              (17 damage)
             ... on level 2 of the Dungeon.
             The game lasted 00:02:25 (954 turns).

Peloso the Shield-Bearer (Minotaur Fighter)          Turns: 954, Time: 00:02:26

Health: -14/40     AC:  8    Str: 25    XL:     4   Next: 6%
Magic:  3/3        EV:  8    Int:  5    God:
Gold:   100        SH:  0    Dex: 11    Spells: 3/3 levels left

rFire    . . .     SeeInvis .   a - +0 long sword
rCold    . . .     Gourm    .   c - +0 shield
rNeg     . . .     Faith    .   b - +0 scale mail
rPois    .         Spirit   .   (helmet restricted)
rElec    .         Reflect  .   i - +0 cloak
rCorr    .         Harm     .   (no gloves)
MR       .....                  (no boots)
Stlth    ..........             (no amulet)
HPRegen  0.13/turn              (no ring)
MPRegen  0.08/turn              (no ring)

@: confused, mighty, flying
A: retaliatory headbutt, horns 2
a: no special abilities


You were on level 2 of the Dungeon.
You were not hungry.

You visited 1 branch of the dungeon, and saw 2 of its levels.

You collected 100 gold pieces.

Inventory:

Hand Weapons
 a - a +0 long sword (weapon)
Armour
 b - a +0 scale mail (worn)
 c - a +0 shield (worn)
 i - a +0 cloak (worn)
Scrolls
 e - a scroll of teleportation {unknown}
 g - 3 scrolls of remove curse {unknown}
 h - 3 scrolls of identify {unknown}
 j - a scroll of enchant armour {unknown}
 l - a scroll of magic mapping {unknown}
Potions
 d - a potion of might
 k - a potion of flight
Comestibles
 f - 5 rations


   Skills:
 + Level 4.1 Fighting
 + Level 3.6 Long Blades
 + Level 4.0 Armour
 + Level 0.5 Dodging
 + Level 4.5 Shields


You had 3 spell levels left.
You didn't know any spells.

Dungeon Overview and Level Annotations

Branches:
Dungeon (2/15)

Altars:
Dithmenos

Annotations:
D:2 Sigmund


Innate Abilities, Weirdness & Mutations

You reflexively headbutt those who attack you in melee.
You have a pair of horns on your head.


Message History

You are confused.
Sigmund points at you and mumbles some strange words.
You are more confused.
You bump into the rock wall.
Sigmund closely misses you.
You're too confused to move!
Sigmund hits you with a scythe.
Your shield prevents you from hitting Sigmund.
Sigmund is severely wounded.
You barely miss Sigmund. Your headbutt misses Sigmund.
Sigmund is severely wounded.
Sigmund hits you with a scythe!
* * * LOW HITPOINT WARNING * * *
You're too confused to move!
Sigmund hits you with a scythe.
* * * LOW HITPOINT WARNING * * *
Sigmund closely misses you.
It was a potion of flight.
You feel very buoyant.
You fly up into the air.
You feel very mighty all of a sudden.
Sigmund hits you from afar with a scythe!
You die...

# # ......# # ......# #
......# # #### ......# #
#.. ......# #
#.########......!
#########................
................@.@......
#########.........#.##...
# #..............# .# #
#.#####........# #
####.#####........#
##......#...).....#
##.....§#§#.......#
##.....#§§.#......#
#.....#§#§#.#.....#


You could see Sigmund.

Vanquished Creatures
  3 gnolls (D:2)
  A leopard gecko (D:2)
  3 bats
  3 giant cockroaches
  5 goblins
  4 hobgoblins
  3 jackals (D:2)
  A kobold (D:2)
  A quokka (D:2)
  3 frilled lizards
  15 rats
42 creatures vanquished.

Notes
Turn   | Place    | Note
-------+----------+-------------------------------------------
     0 | D:1      | Peloso the Minotaur Fighter began the quest for the Orb.
     0 | D:1      | Reached XP level 1. HP: 19/19 MP: 0/0
    23 | D:1      | Reached XP level 2. HP: 13/27 MP: 1/1
   502 | D:2      | Reached XP level 3. HP: 33/33 MP: 2/2
   549 | D:2      | Found a shadowy altar of Dithmenos.
   825 | D:2      | Reached XP level 4. HP: 35/40 MP: 3/3
   935 | D:2      | Noticed Sigmund
   954 | D:2      | Demolished by Sigmund

Skill      XL: |  1  2  3 |
---------------+----------+-----
Fighting       | 4 |  4.1
Shields        | 4 |  4.5
Long Blades    | 3 |  3.6
Armour         | 4 |  4.0
Dodging        | |  0.5

Action                   |  1- 3 |  4- 6 || total
-------------------------+-------+-------++-------
Melee: Long sword        |    93 |    18 ||   111
       Headbutt          |    16 |     3 ||    19
  Use: Potion            |       |     2 ||     2
Armor: Scale mail        |    56 |    11 ||    67
Dodge: Dodged            |    32 |     7 ||    39
Block: Shield            |    48 |    13 ||    61
       Rpst.: Long sword |     4 |       ||     4
